cohdb
Replays
Latest Replays
All Replays
Popular Replays
Top Player Replays
Match Explorer
How It Works
Community
CoH3 Stats
Reddit
Sign in to upload your games and track your stats! →
Sign in with Steam
Match 24937939
Unlisted
Match 24937939
Overview
Messages
Build Orders
End
Selects Italian Coastal Battlegroup
Selects Italian Coastal Battlegroup
Selects Coastal Reserves
Coastal Reserve
Construct Infanterie Kompanie
Coastal Reserve
MG 42 Machine Gun Team
Coastal Reserve
Construct Panzergrenadier Kompanie
Selects Artillery Officer
251 Medium Carrier
Artillery Officer
Panzergrenadier Squad
Pak 40 Anti-tank Gun Team
Construct Panzer Kompanie
Panzer IV Medium Tank
Selects Coastal Wall
MG 42 Bunker
MG 42 Bunker
MG 42 Bunker
Selects Support Bunkers
Selects Rapid Fortifications
Maniax
Arnie
DIV 250 BigBoss
^3
0
0
Comments
sign in to comment!
No comments posted yet!